 Dungeon Crawl Stone Soup version 0.26.1-11-gd32895ea62 (webtiles) character file.

Game seed: 4125728532004440421

309 promet the Cutter (level 6, -2/48 HPs)
             Began as a Human Fighter on June 26, 2021.
             Slain by an ogre
             ... wielding a +0 giant spiked club
              (23 damage)
             ... on level 4 of the Dungeon.
             The game lasted 00:14:16 (3269 turns).

promet the Cutter (Human Fighter)                   Turns: 3269, Time: 00:14:17

Health: -2/48      AC: 13    Str: 17    XL:     6   Next: 69%
Magic:  6/6        EV:  9    Int:  8    God:
Gold:   227        SH:  9    Dex: 14    Spells: 5/5 levels left

rFire    . . .     SeeInvis +   a - +0 rapier
rCold    + . .     Faith    .   c - +0 kite shield
rNeg     . . .     Spirit   .   b - +0 scale mail
rPois    .         Reflect  .   q - +0 helmet
rElec    .         Harm     .   (no cloak)
rCorr    .         Rampage  .   g - +0 pair of gloves
Will     .....                  (no boots)
Stlth    ..........             x - amulet of magic regeneration
HPRegen  0.16/turn              e - +4 ring of protection
MPRegen  0.35/turn              y - ring of see invisible

@: no status effects
A: repulsion field 1, cold resistance 1, MP-powered wands
a: no special abilities


You were on level 4 of the Dungeon.
You visited 1 branch of the dungeon, and saw 4 of its levels.

You collected 227 gold pieces.

Inventory:

Hand Weapons
 a - a +0 rapier (weapon)
 l - a cursed +0 whip
 o - a +1 dagger of venom
 s - a +0 hand axe of electrocution
Missiles
 f - 199 stones (quivered)
 i - 2 throwing nets
 j - 10 bolts
 m - 19 sling bullets
 r - 4 boomerangs
 v - 29 arrows
Armour
 b - a +0 scale mail (worn)
 c - a +0 kite shield (worn)
 g - a +0 pair of gloves (worn)
 q - a +0 helmet (worn)
Jewellery
 e - a +4 ring of protection (left hand)
 x - an amulet of magic regeneration (around neck)
 y - a ring of see invisible (right hand)
Wands
 k - a wand of polymorph (7)
 w - a wand of iceblast (5)
Scrolls
 h - 5 scrolls of remove curse
 n - 3 scrolls of immolation {unknown}
 z - a scroll of magic mapping
 A - a scroll of fear
 B - a scroll of identify
 C - 2 scrolls of teleportation
Potions
 d - 2 potions of might
 p - a potion of flight
 t - 2 potions of curing
 u - a potion of heal wounds
 D - a potion of degeneration {unknown}


   Skills:
 + Level 3.9 Fighting
 + Level 4.4 Short Blades
 + Level 3.6 Armour
 + Level 1.1 Dodging
 + Level 0.3 Stealth
 + Level 4.2 Shields


You had 5 spell levels left.
You didn't know any spells.
Your spell library was empty.

Dungeon Overview and Level Annotations

Branches:
Dungeon (4/15)             Temple (0/1) D:4

Altars:


Innate Abilities, Weirdness & Mutations

You are surrounded by a mild repulsion field. (EV +2)
Your flesh is cold resistant. (rC+)
You expend magic power (3 MP) to strengthen your wands.


Message History

The ogre is heavily wounded.
The ogre hits you with a +0 giant spiked club!
You hit the ogre.
The ogre is heavily wounded.
The ogre barely misses you.
You hit the ogre.
The ogre is severely wounded.
You hit the ogre.
The ogre is almost dead.
The ogre closely misses you.
You barely miss the ogre.
The ogre is almost dead.
The ogre hits you with a +0 giant spiked club!
You puncture the ogre!
You kill the ogre!
You hit the ogre but do no damage. You puncture the ogre!
The ogre is moderately wounded.
The ogre hits you with a +0 giant spiked club!!
You die...

...........## #.......
............####....##. #
...........##........## #
....................###
######.....................##
.##.....$ ###................##
........# ####..........†....#
........####...................
.........#..Z#@..##....#.#.#.#.
............BO#.#..#.....#.##..
...........#.r#....#........###
........##..##....#....##.... #
........##.....>......####... .
...?........#....##..# ...##.
...........#....#..#.# .. .<.
#..........#..#.#...(. >...
............##.(. .. ###.


You could see an ogre, a worker ant and a quokka.

Vanquished Creatures
  An ogre (D:4)
  A centaur skeleton (D:4)
  Jessica (D:2)
  An iguana (D:4)
  A hound skeleton (D:2)
  Robin (D:2)
  2 adders
  2 worms
  3 dart slugs
  2 leopard geckos
  An orc (D:3)
  5 giant cockroaches
  19 goblins
  11 hobgoblins
  7 jackals (D:4)
  A quokka (D:2)
  3 bats
  3 frilled lizards (D:1)
  12 kobolds
  10 rats
87 creatures vanquished.

Notes
Turn   | Place    | Note
-------+----------+-------------------------------------------
     0 | D:1      | promet the Human Fighter began the quest for the Orb.
     0 | D:1      | Reached XP level 1. HP: 18/18 MP: 1/1
   127 | D:1      | Reached XP level 2. HP: 19/24 MP: 2/2
   300 | D:1      | Gained mutation: Your body sometimes deteriorates upon
                  | taking damage. [potion of mutation]
   300 | D:1      | Gained mutation: You are frail. (-10% HP) [potion of
                  | mutation]
   300 | D:1      | Gained mutation: You have a pair of small horns on your
                  | head. [potion of mutation]
   606 | D:1      | Reached XP level 3. HP: 26/26 MP: 3/3
  1042 | D:2      | Lost mutation: You have a pair of small horns on your head.
                  | [potion of mutation]
  1042 | D:2      | Lost mutation: Your body sometimes deteriorates upon taking
                  | damage. [potion of mutation]
  1042 | D:2      | Lost mutation: You are frail. (-10% HP) [potion of
                  | mutation]
  1042 | D:2      | Gained mutation: Armour fits poorly on your strangely
                  | shaped body. [potion of mutation]
  1042 | D:2      | Gained mutation: Your flesh is cold resistant. (rC+)
                  | [potion of mutation]
  1042 | D:2      | Gained mutation: You passively map a small area around you.
                  | [potion of mutation]
  1089 | D:2      | Lost mutation: You passively map a small area around you.
                  | [potion of mutation]
  1089 | D:2      | Lost mutation: Armour fits poorly on your strangely shaped
                  | body. [potion of mutation]
  1089 | D:2      | Gained mutation: You are surrounded by a mild repulsion
                  | field. (EV +2) [potion of mutation]
  1089 | D:2      | Gained mutation: You expend magic power (3 MP) to
                  | strengthen your wands. [potion of mutation]
  1246 | D:2      | Noticed Jessica
  1256 | D:2      | Killed Jessica
  1257 | D:2      | Reached XP level 4. HP: 35/35 MP: 4/4
  1295 | D:2      | Noticed Robin
  1317 | D:2      | Killed Robin
  1320 | D:2      | Reached XP level 5. HP: 37/41 MP: 5/5
  2293 | D:3      | Found a faded altar of an unknown god.
  2956 | D:4      | Reached XP level 6. HP: 41/48 MP: 6/6
  3020 | D:4      | Reached skill level 1 in Dodging
  3242 | D:4      | Found a staircase to the Ecumenical Temple.
  3252 | D:4      | Noticed an ogre
  3252 | D:4      | Noticed an ogre
  3267 | D:4      | Killed an ogre
  3269 | D:4      | Slain by an ogre

Illustrated notes

Levels and vault maps discovered:
D:1:      dpeg_arrival_windows_large_door, layout_basic
D:2:      layout_basic, uniq_jessica, uniq_robin
D:3:      layout_rooms, chequers_ecumenical_altar_simple
D:4:      minmay_angry_zag, layout_cave_pools, minmay_temple_entry_mini_moons,
          st_stairs_5

Skill      XL: |  1  2  3  4  5  6 |
---------------+-------------------+-----
Short Blades   | 3 4 |  4.4
Shields        | 4 |  4.2
Dodging        | 1 |  1.1
Fighting       | |  3.9
Armour         | |  3.6
Stealth        | |  0.3

Action                   |  1- 3 |  4- 6 || total
-------------------------+-------+-------++-------
Melee: Rapier            |   119 |   188 ||   307
       Headbutt          |    10 |       ||    10
       Unarmed           |       |     4 ||     4
Throw: Stone             |     1 |       ||     1
  Use: Scroll            |     4 |     5 ||     9
       Potion            |     7 |     3 ||    10
Armor: Scale mail        |    36 |    83 ||   119
       Skin              |       |     1 ||     1
Dodge: Dodged            |    29 |    66 ||    95
Block: Kite shield       |    49 |    81 ||   130
